 Dungeon Crawl Stone Soup version 0.32-a0-699-g1ee5eff69a (webtiles) character file.

Game seed: 18015276018031354790

5 Alarak the Changeling (level 1, -1/15 HPs)
             Began as a Merfolk Shapeshifter on Mar 13, 2024.
             Slain by a jackal (2 damage)
             ... on level 1 of the Dungeon.
             The game lasted 00:00:08 (52 turns).

Alarak the Changeling (Merfolk Shapeshifter)          Turns: 52, Time: 00:00:09

Health: -1/15      AC:  2    Str: 14    XL:     1   Next: 80%
Magic:  1/1        EV: 11    Int:  9    God:
Gold:   0          SH:  0    Dex: 13    Spells: 0/0 levels left

rFire   . .          .
                       - Unarmed
rCold   . . .        (no shield)
rNeg    . . .        a - +0 animal skin
rPois   .            (helmet currently unavailable)
rElec   .            (cloak currently unavailable)
rCorr   .            (gloves currently unavailable)
SInv    .            (boots currently unavailable)
Will    .....        (no amulet)
Stlth   +            (no ring)
HPRegen 0.22/turn    (no ring)
MPRegen 0.07/turn

%: no passive effects
@: beast-form
A: beast (slay +2), (nimble swimmer 2), mertail
a: Begin Untransformation


You were on level 1 of the Dungeon.
You were a hulking beast.
You visited 1 branch of the dungeon, and saw 1 of its levels.

Inventory:

Armour
 a - a +0 animal skin (worn)
Jewellery
 e - an amulet of magic regeneration
Talismans
 c - a beast talisman (active)
 d - a flux talisman
Scrolls
 f - a scroll of brand weapon {unknown}
 g - a scroll of teleportation {unknown}
 h - a scroll of identify {unknown}
Potions
 b - a potion of lignification


   Skills:
 - Level 1.1 Fighting
 - Level 2.6 Dodging
 - Level 3.2 Unarmed Combat
 + Level 4.4 Shapeshifting


You couldn't memorise any spells.
You didn't know any spells.
Your spell library was empty.

Dungeon Overview and Level Annotations

Branches:
Dungeon (1/15)

Altars:


Innate Abilities, Weirdness & Mutations

You are a hulking beast.
Your limbs bulge with bestial killing power. (Slay +2)
((You are very nimble when in or above water. (Stealth+, EV+, Speed+++)))
Your lower body shifts to a powerful aquatic tail in water.


Message History

The jackal bites you.
The rat twitches its whiskers.
The rat closely misses you. The jackal barely misses you.
You miss the jackal. The rat barely misses you.
The jackal bites you but does no damage.
You hit the jackal.
The jackal is moderately wounded.
The jackal barely misses you. The rat bites you.
You are too injured to fight recklessly!
You are too injured to fight recklessly!
You are too injured to fight recklessly!
You are too injured to fight recklessly!
You are too injured to fight recklessly!
You are too injured to fight recklessly!
You are too injured to fight recklessly!
You are too injured to fight recklessly!
You are too injured to fight recklessly!
You are too injured to fight recklessly!
You are too injured to fight recklessly!
You are too injured to fight recklessly!
Found a club.
The jackal completely misses you. The endoplasm misses you.
The jackal bites you.
You see here a jackal corpse.
You punch the endoplasm!
You kill the endoplasm!
The rat closely misses you. The jackal bites you.
* * * LOW HITPOINT WARNING * * *
The jackal misses you. The rat attacks as it pursues you! The rat misses you.
The jackal bites you.
* * * LOW HITPOINT WARNING * * *
Found a viscous orange potion.
The jackal barely misses you.
You closely miss the jackal.
The jackal is lightly wounded.
The jackal completely misses you. The rat bites you.
* * * LOW HITPOINT WARNING * * *
You hit the jackal but do no damage. You punch the jackal, but do no damage.
The jackal is lightly wounded.
The jackal bites you.
You die...

.###.
######!#...
#.........#
#..........
#.....)....
#.........#
#.........#
#..h......#
#..hr.....#
#.........#
#.........#
#..†......#
#####.#######
#...[....##.
#..$........#
#.........###


You could see a jackal and a rat.

Vanquished Creatures
  A bat (D:1)
  An endoplasm (D:1)
  2 jackals (D:1)
4 creatures vanquished.

Notes
Turn   | Place    | Note
-------+----------+-------------------------------------------
     0 | D:1      | Alarak the Merfolk Shapeshifter began the quest for the
                  | Orb.
     0 | D:1      | Reached XP level 1. HP: 15/15 MP: 1/1
    52 | D:1      | Slain by a jackal

Illustrated notes

Levels and vault maps discovered:
D:1:      dpeg_arrival_court, layout_rooms

Action                     || total
---------------------------++-------
  Melee: Unarmed           ||    10
         Punch             ||     1
 Armour: Animal skin       ||    15
  Dodge: Dodged            ||    17

Table legend: (Time is in decaauts)
 A = Elapsed time spent in this place.
 B = Non-inter-level travel time spent in this place.
 C = Inter-level travel time spent in this place.
 D = Time resting spent in this place.
 E = Time spent auto-exploring this place.
 F = Levels seen in this place.
 G = Mean time per level.
                   A        B        C        D        E       F      G
               +--------+--------+--------+--------+--------+-----+--------+
         Total |     51 |     51 |      0 |      0 |     29 |   1 |   51.0 |
       Dungeon |     51 |     51 |      0 |      0 |     29 |   1 |   51.0 |
               +--------+--------+--------+--------+--------+-----+--------+

Top non-repeatable levels by time:
     D:1: 51 daAuts
